 Dungeon Crawl Stone Soup version 0.26.0-16-gc1dbca0489 (webtiles) character file.

Game seed: 6797126273238151032

9066 EnegeticOcto the Severer (level 11, -1/96 HPs)
             Began as a Deep Dwarf Fighter on Jan 18, 2021.
             Was a High Priest of Okawaru.
             Slain by an eight-headed hydra (3 damage)
             ... on level 6 of the Lair of Beasts.
             The game lasted 00:16:51 (2249 turns).

EnegeticOcto the Severer (Deep Dwarf Fighter)       Turns: 2249, Time: 00:16:51

Health: -1/96      AC: 11    Str: 24    XL:     11   Next: 18%
Magic:  14/19 (10) EV: 11    Int:  8    God:    Okawaru [*****.]
Gold:   84         SH:  5    Dex: 12    Spells: 10/10 levels left

rFire    . . .     SeeInvis .   u - +0 battleaxe (vamp)
rCold    . . .     Faith    .   (shield currently unavailable)
rNeg     . . .     Spirit   .   h - +1 chain mail
rPois    .         Reflect  +   (no helmet)
rElec    .         Harm     .   (no cloak)
rCorr    +         Rampage  .   (no gloves)
Will     +....                  (no boots)
Stlth    ..........             f - amulet of reflection
HPRegen  0.00/turn              s - ring of resist corrosion
MPRegen  0.16/turn              t - ring of magical power

@: finesse, non-regenerating
A: damage resistance, heal wounds, sense surroundings 2, no regeneration
a: Heal Wounds, Renounce Religion, Heroism, Finesse


You were on level 6 of the Lair of Beasts.
You worshipped Okawaru.
Okawaru was extremely pleased with you.
You visited 3 branches of the dungeon, and saw 15 of its levels.

You collected 385 gold pieces.
You spent 301 gold pieces at shops.

Inventory:

Hand Weapons
 a - a +0 war axe
 u - a +0 vampiric battleaxe (weapon)
   (You bought it in a shop on level 7 of the Dungeon)
Missiles
 v - 3 curare-tipped darts
 y - 4 javelins
Armour
 b - a +0 scale mail
 c - a +0 kite shield
 h - a +1 chain mail (worn)
   (You found it on level 1 of the Dungeon)
Jewellery
 f - an amulet of reflection (around neck)
   (You found it on level 1 of the Dungeon)
 j - an uncursed amulet of the acrobat
   (You found it on level 3 of the Dungeon)
 s - a ring of resist corrosion (left hand)
   (You found it on level 7 of the Dungeon)
 t - a ring of magical power (right hand)
   (You found it on level 5 of the Dungeon)
Wands
 p - a wand of paralysis (1)
   (You found it on level 6 of the Dungeon)
 x - a wand of polymorph (12)
   (You found it on level 2 of the Lair of Beasts)
 z - a wand of enslavement (7)
   (You found it on level 3 of the Lair of Beasts)
 A - a wand of iceblast (3) {@v2}
   (You found it on level 3 of the Lair of Beasts)
Scrolls
 k - a scroll of random uselessness
 l - 2 scrolls of teleportation {@r3 !r}
 o - 2 scrolls of remove curse {@r2}
 r - a scroll of magic mapping {@r5 !r}
Potions
 d - a potion of might {@q3 !q}
 e - 2 potions of curing {@q1 !q}
 g - a potion of attraction
 i - a potion of flight {unknown}
 m - a potion of berserk rage {unknown}
 n - a potion of magic {unknown}
 q - 3 potions of haste {@q4 !q}
Miscellaneous
 w - a phial of floods
   (You found it on level 2 of the Lair of Beasts)


   Skills:
 + Level 5.4 Fighting
 - Level 15.0 Axes
 + Level 6.5 Armour
 + Level 5.4 Dodging
 - Level 3.2 Shields
 - Level 6.0 Invocations


You had 10 spell levels left.
You didn't know any spells.
Your spell library was empty.

Dungeon Overview and Level Annotations

Branches:
Dungeon (9/15)             Temple (1/1) D:7            Lair (6/6) D:8
  Swamp: Lair:2-4    Shoals: Lair:2-4     Snake: Lair:2-4    Spider: Lair:2-4
  Slime: Lair:5-6       Orc: D:9-12

Altars:
Ashenzari
Cheibriados
Dithmenos
Hepliaklqana
Makhleb
Nemelex Xobeh
Okawaru
Qazlal
Ru
Sif Muna
Trog
Uskayaw
Vehumet
Wu Jian
Yredelemnul
The Shining One

Shops:
D:7 (

Annotations:
D:7 1 transporter
D:9 1 runed translucent door, chimenez's ghost, journeyman BaWn
Lair:6 exclusion: 4 oklob plants


Innate Abilities, Weirdness & Mutations

You are resistant to damage.
You can heal yourself by infusing magical energy.
You passively map the area around you.
You do not regenerate.


Message History

The blink frog is heavily wounded.
The blink frog blinks!
The blink frog barely misses you.
You closely miss the blink frog.
The blink frog is heavily wounded.
The blink frog barely misses you.
The blink frog hits the plant.
The plant begins to die.
The blink frog blinks!
The blink frog hits you.
The blink frog blinks!
Evoke which item? (* to show all) (? for menu, Esc to quit)
Aiming: Enslavement
Press: ? - help, Shift-Dir - straight line, f/p - blink frog
Aim: a blink frog (heavily wounded, chance to affect: 28%)
The blink frog easily resists.
You miss the blink frog. The blink frog barely misses you.
You block the blink frog's attack.
You hit the blink frog but do no damage.
You closely miss the blink frog.
The blink frog is severely wounded.
A nearby plant withers and dies.
You block the blink frog's attack.
You slash the blink frog!
You feel better.
You kill the blink frog!
Okawaru accepts your kill.
You barely miss the blink frog. The blink frog hits you!
The blink frog blinks!
You hit the blink frog but do no damage.
The blink frog is moderately wounded.
The blink frog hits you!
The blink frog blinks!
The blink frog hits you.
The blink frog blinks!
You feel much better. The blink frog closely misses you.
The blink frog hits you.
An eight-headed hydra comes into view.
You gain the combat prowess of a mighty hero.
The eight-headed hydra roars!
The blink frog blinks!
You block the blink frog's attack. The blink frog barely misses you.
The blink frog hits you!
The blink frog blinks!
You can now deal lightning-fast blows.
The blink frog hits you. The blink frog hits you!
* * * LOW HITPOINT WARNING * * *
You feel much better. The blink frog hits you.
The blink frog blinks!
Evoke which item? (* to show all) (? for menu, Esc to quit)
Aiming: Iceblast
Press: ? - help, Shift-Dir - straight line, f/p - blink frog
Aim: a blink frog (heavily wounded)
The mass of ice explodes!
The iceblast engulfs the blink frog!
The blink frog is moderately wounded.
The iceblast engulfs the eight-headed hydra!
The eight-headed hydra is lightly wounded.
You hear a bellow!
The blink frog barely misses you.
You are no longer corroded.
The blink frog blinks!
The blink frog barely misses you. The blink frog hits you.
The blink frog blinks!
You feel like a meek peon again.
You slash the blink frog!
You feel better.
The blink frog is heavily wounded.
The blink frog completely misses you.
Evoke which item? (* to show all) (? for menu, Esc to quit)
Aiming: Iceblast
Press: ? - help, Shift-Dir - straight line, f/p - blink frog
Aim: a blink frog (heavily wounded)
The mass of ice explodes!
The iceblast engulfs the eight-headed hydra!
The eight-headed hydra is moderately wounded.
The iceblast engulfs the blink frog!!
You kill the blink frog!
Okawaru accepts your kill.
You hear a bellow!
You hear an angry hiss. x2
The blink frog hits you! The blink frog barely misses you.
You hear an angry hiss.
Evoke which item? (* to show all) (? for menu, Esc to quit)
Aiming: Iceblast
Press: ? - help, Shift-Dir - straight line The mass of ice explodes!
The iceblast engulfs the eight-headed hydra!
The eight-headed hydra is moderately wounded.
The blink frog hits you but does no damage.
You feel much better. The blink frog hits you!
The eight-headed hydra bites you. The eight-headed hydra bites you!
The eight-headed hydra bites you but does no damage.
The eight-headed hydra bites you.
The eight-headed hydra bites you but does no damage.
The eight-headed hydra bites you! x2
The eight-headed hydra barely misses you.
A komodo dragon comes into view.
You completely miss the eight-headed hydra.
The eight-headed hydra is moderately wounded.
You miss the blink frog. x2
The komodo dragon hisses angrily.
The blink frog hits you.
The eight-headed hydra bites you but does no damage.
The eight-headed hydra bites you. The eight-headed hydra bites you!
* * * LOW HITPOINT WARNING * * *
The eight-headed hydra bites you.
* * * LOW HITPOINT WARNING * * *
The eight-headed hydra bites you!
* * * LOW HITPOINT WARNING * * *
The eight-headed hydra bites you!
* * * LOW HITPOINT WARNING * * *
The eight-headed hydra bites you.
You die...

##.....F..#
,
#...######.#
,, ,* ##F##
* #.# , #§#
, ,. ,, #F#
, *,,, #.#
*_ * , *
#.## , * ,,,
* *
#.#†##+###.#
###...D@F.#
, *
###.F....#
,, ,
#.....## , ,
##......#
#P.....# * *
##...#.# * *
###.#l#*
##,. * ** ,
,


You could see an eight-headed hydra, a komodo dragon and 2 blink frogs.

Vanquished Creatures
  The ghost of Majang the Chiller, a novice OpIE of Vehumet (D:7)
  A cane toad (Lair:6)
  4 komodo dragons
  A troll (D:9)
  Prince Ribbit (D:7)
  A slime creature (D:7)
  7 blink frogs
  A vampire (D:9)
  13 yaks
  2 wyverns (Lair:6)
  2 basilisks
  Menkaure (D:5)
  2 water moccasins
  2 orc warriors
  A sky beast (D:8)
  A black bear (D:7)
  An ice beast (D:7)
  3 ogres
  2 wolves
  A centaur (D:6)
  A big kobold (D:7)
  9 bullfrogs
  A wyvern zombie (D:7)
  3 killer bees (D:8)
  A centaur zombie (D:7)
  4 hounds
  3 orc priests
  A bullfrog skeleton (D:7)
  2 iguanas (D:8)
  Natasha (twice) (D:3)
  4 orc wizards
  A worker ant (D:7)
  A hound zombie (D:6)
  5 adders
  A howler monkey skeleton (D:6)
  3 shadow imps
  A white imp (D:8)
  3 ufetubi (D:8)
  An ooze (D:2)
  A worm (D:2)
  2 dart slugs
  A leopard gecko (D:8)
  10 orcs
  3 bats
  2 giant cockroaches
  2 hobgoblins (D:3)
  8 jackals
  A quokka (D:7)
  2 ball pythons
  4 frilled lizards
  2 goblins (D:3)
  A kobold (D:1)
  4 rats
138 creatures vanquished.

Vanquished Creatures (others)
  Sonja (Lair:2)
  2 fungi (Lair:6)
  20 plants
23 creatures vanquished.

Grand Total: 161 creatures vanquished

Notes
Turn   | Place    | Note
-------+----------+-------------------------------------------
     0 | D:1      | EnegeticOcto the Deep Dwarf Fighter began the quest for the
                  | Orb.
     0 | D:1      | Reached XP level 1. HP: 20/20 MP: 1/1
    60 | D:1      | Reached skill level 3 in Axes
    96 | D:2      | Reached XP level 2. HP: 25/27 MP: 2/2
   200 | D:2      | Reached skill level 4 in Axes
   200 | D:2      | Reached XP level 3. HP: 25/33 MP: 3/3
   266 | D:3      | Noticed Natasha
   287 | D:3      | Killed Natasha
   288 | D:3      | Reached XP level 4. HP: 39/40 MP: 4/4
   295 | D:3      | Noticed Natasha
   312 | D:3      | Killed Natasha
   313 | D:3      | Reached skill level 5 in Axes
   317 | D:4      | Found a sacrificial altar of Ru.
   317 | D:4      | Found a bloodstained altar of Trog.
   317 | D:4      | Found a basalt altar of Yredelemnul.
   320 | D:4      | Became a worshipper of Ru the Awakened
   336 | D:5      | Entered Level 5 of the Dungeon
   362 | D:5      | Reached XP level 5. HP: 38/46 MP: 5/5
   371 | D:5      | Reached skill level 6 in Axes
   447 | D:6      | Noticed an orc warrior
   463 | D:6      | Your magical essence is drained by the effort!
   469 | D:6      | Killed an orc warrior
   470 | D:6      | Reached skill level 7 in Axes
   470 | D:6      | Reached XP level 6. HP: 55/55 MP: 5/5
   519 | D:6      | Reached skill level 8 in Axes
   563 | D:6      | Reached XP level 7. HP: 44/61 MP: 6/6
   621 | D:7      | Reached skill level 9 in Axes
   638 | D:7      | Noticed Prince Ribbit
   643 | D:7      | Your magical essence is drained by the effort!
   665 | D:7      | Killed Prince Ribbit
   681 | D:7      | Found Eme Dism's Weapon Boutique.
   710 | D:7      | Reached skill level 10 in Axes
   746 | D:7      | Reached XP level 8. HP: 46/68 MP: 6/6
   762 | D:7      | Found a staircase to the Ecumenical Temple.
   771 | Temple   | Entered the Ecumenical Temple
   813 | Temple   | Fell from the grace of Ru
   813 | Temple   | Became a worshipper of Warmaster Okawaru
   881 | D:7      | Noticed Majang's ghost (novice OpIE)
   883 | D:7      | Noticed a slime creature
   886 | D:7      | Found a transporter.
   886 | D:7      | Noticed a komodo dragon
   888 | D:7      | Found a transporter.
   912 | D:7      | Killed a slime creature
   913 | D:7      | Reached skill level 11 in Axes
   913 | D:7      | Reached skill level 2 in Invocations
   922 | D:7      | Reached skill level 3 in Invocations
   933 | D:7      | Reached skill level 4 in Invocations
   943 | D:7      | Killed a komodo dragon
   943 | D:7      | Reached * piety under Okawaru
   944 | D:7      | Reached skill level 5 in Invocations
   986 | D:7      | Your magical essence is drained by the effort!
   995 | D:7      | Killed Majang's ghost
   995 | D:7      | Reached ** piety under Okawaru
   996 | D:7      | Reached skill level 12 in Axes
   996 | D:7      | Reached skill level 6 in Invocations
   996 | D:7      | Gained mutation: You passively map the area around you.
                  | [Deep Dwarf growth]
   996 | D:7      | Reached XP level 9. HP: 50/74 MP: 7/10
  1246 | D:8      | Your magical essence is drained by the effort!
  1254 | D:8      | Reached skill level 13 in Axes
  1349 | D:9      | Noticed a troll
  1355 | D:9      | Killed a troll
  1373 | D:9      | Found a runed translucent door.
  1373 | D:9      | Noticed chimenez's ghost (journeyman BaWn)
  1406 | D:9      | Reached skill level 14 in Axes
  1413 | D:9      | Found a hazy altar of Hepliaklqana.
  1427 | D:9      | Reached *** piety under Okawaru
  1428 | D:9      | Reached XP level 10. HP: 41/81 MP: 10/10
  1462 | D:9      | Found an ornate altar of the Wu Jian Council.
  1603 | D:8      | Found a staircase to the Lair.
  1700 | D:6      | Found a hide-covered altar of Uskayaw.
  1792 | D:5      | Noticed Menkaure
  1800 | D:5      | Killed Menkaure
  1877 | D:7      | Bought a +0 vampiric battleaxe for 301 gold pieces
  1938 | Lair:1   | Entered Level 1 of the Lair of Beasts
  1965 | Lair:1   | Reached skill level 3 in Fighting
  1965 | Lair:1   | Reached skill level 1 in Dodging
  1985 | Lair:2   | Noticed Sonja
  1999 | Lair:2   | Killed Sonja
  2088 | Lair:3   | Reached skill level 4 in Armour
  2088 | Lair:3   | Reached skill level 2 in Dodging
  2092 | Lair:3   | Reached **** piety under Okawaru
  2100 | Lair:3   | Reached skill level 3 in Dodging
  2105 | Lair:3   | Reached skill level 15 in Axes
  2115 | Lair:3   | Reached skill level 4 in Fighting
  2121 | Lair:3   | Reached skill level 5 in Armour
  2150 | Lair:4   | Reached skill level 4 in Dodging
  2167 | Lair:4   | You fall into a shaft and drop 2 floors!
  2167 | Lair:6   | Entered Level 6 of the Lair of Beasts
  2168 | Lair:6   | Noticed an oklob plant
  2168 | Lair:6   | Noticed an oklob plant
  2168 | Lair:6   | Noticed an oklob plant
  2168 | Lair:6   | Noticed an oklob plant
  2179 | Lair:6   | Noticed a cane toad
  2180 | Lair:6   | Reached ***** piety under Okawaru
  2192 | Lair:6   | Killed a cane toad
  2193 | Lair:6   | Reached skill level 5 in Fighting
  2193 | Lair:6   | Reached skill level 6 in Armour
  2193 | Lair:6   | Reached XP level 11. HP: 58/94 MP: 11/11
  2195 | Lair:6   | Reached skill level 5 in Dodging
  2216 | Lair:6   | Your magical essence is drained by the effort!
  2232 | Lair:6   | Noticed an eight-headed hydra
  2249 | Lair:6   | HP: 2/96 [eight-headed hydra (9)]
  2249 | Lair:6   | Slain by an eight-headed hydra

Illustrated notes

Levels and vault maps discovered:
D:1:      dpeg_arrival_water_fire, layout_basic, minmay_tromino_i2
D:2:      layout_loops_cross
D:3:      layout_rooms, uniq_natasha
D:4:      minmay_diamond_boxcup, layout_rooms,
          chequers_temple_overflow_statue_of_worship
D:5:      layout_loops_ring, solitary_fountain, uniq_menkaure
D:6:      layout_layer_cave, grunt_temple_overflow_growth_and_decay,
          general_overflow_altar, eat_drink_and_be_merry_uskayaw
D:7:      layout_basic, grunt_temple_overflow_gold_and_silver,
          minmay_temple_entry_glass, serial_shops, shop, nzn_ghost_randoct,
          uniq_prince_ribbit1
D:8:      layout_basic, david_lair_shrubbed
D:9:      layout_roguey [special_room_bee], nzn_hepliaklqana_mist_gate,
          doesnt_xom_only_xom, lemuel_crystal_altar, serial_shops,
          nicolae_shop_waterfront, hellmonk_ghost_happy_afterlife, uniq_maurice
Temple:   cyrus_temple_forest
Lair:1:   layout_roguey, infiniplex_staircase_pool_2, grunt_megastairs_1,
          serial_bayou_shore_b, lemuel_fruit_fields, serial_bayou_shore_b
Lair:2:   layout_cave_pods, grunt_forest_large_clearings, uniq_sonja
Lair:3:   layout_gridlike, guppyfry_lair_drakes, uniq_snorg
Lair:4:   layout_roguey, minmay_shoals_entry_hut,
          nicolae_spider_entry_tight_spaces
Lair:6:   guppyfry_lair_end_dragon, layout_concentric_octagons,
          hangedman_lair_in_review, dpeg_slime_entry_enclosed_altar,
          chequers_serial_rivers_small_a, chequers_serial_rivers_large_b,
          grunt_forest_small_clearings, pond, minmay_lair_oklob_chamber

Skill      XL: |  1  2  3  4  5  6  7  8  9 10 11 |
---------------+----------------------------------+-----
Axes           | 3 4 5 7 8 10 12 14 15 | 15.0
Invocations    | 6 |  6.0
Fighting       | 5 |  5.4
Dodging        | 4 5 |  5.4
Armour         | 6 |  6.5
Shields        | |  3.2

Action                   |  1- 3 |  4- 6 |  7- 9 | 10-12 || total
-------------------------+-------+-------+-------+-------++-------
Melee: War axe           |    58 |    81 |   264 |    59 ||   462
       Battleaxe         |       |       |       |   122 ||   122
Invok: Heroism           |       |       |     4 |     4 ||     8
       Finesse           |       |       |       |     1 ||     1
 Abil: Heal Wounds       |     1 |     3 |    14 |    13 ||    31
Evoke: Wand              |       |       |       |    13 ||    13
  Use: Scroll            |       |       |     6 |     4 ||    10
 Stab: Paralysed         |       |       |       |     5 ||     5
Armor: Scale mail        |     6 |       |       |       ||     6
       Chain mail        |    42 |    46 |    79 |    69 ||   236
Dodge: Dodged            |    14 |    20 |    50 |    85 ||   169
Block: Kite shield       |    65 |    96 |   186 |    48 ||   395
       Reflection        |       |     4 |     1 |     2 ||     7
       Other             |       |       |       |    27 ||    27
